 Dungeon Crawl Stone Soup version 0.26.1-11-gd32895ea62 (webtiles) character file.

Game seed: 13267296312734472457

13 H0rd4k the Insei (level 2, -6/18 HPs)
             Began as an Octopode Transmuter on May 11, 2021.
             Mangled by a gnoll
             ... wielding a +0 spear
              (10 damage)
             ... on level 1 of the Dungeon.
             The game lasted 00:00:20 (393 turns).

H0rd4k the Insei (Octopode Transmuter)               Turns: 393, Time: 00:00:21

Health: -6/18      AC:  1    Str:  9    XL:     2   Next: 37%
Magic:  5/5        EV: 13    Int: 15    God:
Gold:   40         SH:  0    Dex: 12    Spells: 4/5 levels left

rFire    . . .     SeeInvis .     - Unarmed
rCold    . . .     Faith    .   (no shield)
rNeg     . . .     Spirit   .   (helmet restricted)
rPois    .         Reflect  .   (no amulet)
rElec    .         Harm     .   (no ring)
rCorr    .         Rampage  .   (no ring)
Will     .....                  (no ring)
Stlth    ++........             (no ring)
HPRegen  0.06/turn              (no ring)
MPRegen  0.09/turn              (no ring)
                                (no ring)
                                (no ring)

@: no status effects
A: almost no armour, stealthy swim, amphibious, 8 rings, constrict 8, camouflage
1, gelatinous body 1
a: no special abilities


You were on level 1 of the Dungeon.
You visited 1 branch of the dungeon, and saw 1 of its levels.

You collected 40 gold pieces.

Inventory:

Jewellery
 e - an uncursed ring of resist corrosion {unknown}
Scrolls
 b - a scroll of enchant armour {unknown}
 c - a scroll of fear {unknown}
 d - 2 scrolls of identify {unknown}
Potions
 a - a potion of brilliance {unknown}


   Skills:
 + Level 1.0 Fighting
 + Level 2.3 Dodging
 + Level 3.2 Unarmed Combat
 + Level 2.0 Spellcasting
 + Level 2.3 Transmutations


You had 4 spell levels left.
You knew the following spells:

 Your Spells              Type           Power        Failure   Level
a - Beastly Appendage     Tmut           16%          9%          1

Your spell library contained the following spells:

 Spells                   Type           Power        Failure   Level
 Wereblood                Tmut           8%           13%         2
 Spider Form              Tmut/Pois      2%           38%         3
 Ice Form                 Ice/Tmut       4%           80%         4
 Blade Hands              Tmut           4%           94%         5


Dungeon Overview and Level Annotations

Branches:
Dungeon (1/15)

Altars:


Innate Abilities, Weirdness & Mutations

You cannot wear most types of armour.
You are very stealthy in the water. (Stealth+)
You are amphibious.
You can wear up to eight rings at the same time.
You can use your tentacles to constrict eight enemies at once.
Your skin changes colour to match your surroundings (Stealth+).
Your rubbery body absorbs attacks. (AC +1, EV +1)


Message History

The gnoll hits you from afar with a +0 spear!
There are monsters nearby!
The frilled lizard hisses angrily.
The gnoll barely misses you.
There are monsters nearby!
You tentacle-slap the gnoll but do no damage.
You grab the gnoll.
You constrict the gnoll, but do no damage.
The gnoll hits you with a +0 spear!
* * * LOW HITPOINT WARNING * * *
The dart slug barely misses you.
There are monsters nearby!
You are too injured to fight recklessly!
You are too injured to fight recklessly!
Unknown command.
You release your grip on the gnoll.
The gnoll closely misses you.
There is a stone staircase leading down here.
The gnoll hits you from afar with a +0 spear!
Ouch! That really hurt!
You die...

#. .# #. .# #. #.# #.###.#
#.#†..# #### #.#...##....
#### #.#@...[... ...# ###
### #......#.##
######8###8###...g..+.. #
##........#.....l#.# # #
#8........#....w.#.####.# #
##............[.........###
#
#...##8#............$.....
#
##...#######.....##....###
# #⌠...⌠# #.....##....#


You could see a gnoll, a dart slug and a frilled lizard.

Vanquished Creatures
  A dart slug (D:1)
  3 giant cockroaches (D:1)
  A goblin (D:1)
  2 hobgoblins (D:1)
  2 bats (D:1)
  A rat (D:1)
10 creatures vanquished.

Notes
Turn   | Place    | Note
-------+----------+-------------------------------------------
     0 | D:1      | H0rd4k the Octopode Transmuter began the quest for the Orb.
     0 | D:1      | Reached XP level 1. HP: 13/13 MP: 3/3
   128 | D:1      | Reached XP level 2. HP: 15/18 MP: 5/5
   393 | D:1      | Mangled by a gnoll

Illustrated notes

Levels and vault maps discovered:
D:1:      dpeg_arrival_boxes_within_box, layout_basic, serial_corexii_hall,
          corexii_hall_statues_t, corexii_hall_statues_s, corexii_hall_statues_s

Action                   || total
-------------------------++-------
Melee: Unarmed           ||    25
       Constrict         ||     9
       Tentacles         ||     4
 Stab: Sleeping          ||     2
Armor: Skin              ||     1
Dodge: Dodged            ||    23
